 Dungeon Crawl Stone Soup version 0.26.1-11-gd32895ea62 (webtiles) character file.

Game seed: 11579396213061272981

189 Almogavar the Slasher (level 5, -4/33 HPs)
             Began as a Tengu Berserker on May 26, 2021.
             Was a Believer of Trog.
             Shot with an arrow by a centaur (15 damage)
             ... on level 4 of the Dungeon.
             The game lasted 00:06:44 (2638 turns).

Almogavar the Slasher (Tengu Berserker)             Turns: 2638, Time: 00:06:44

Health: -4/33      AC:  4    Str: 18    XL:     5   Next: 68%
Magic:  6/6        EV: 13    Int:  7    God:    Trog [**....]
Gold:   163        SH:  0    Dex: 14    Spells: 4/4 levels left

rFire    . . .     SeeInvis .   a - +0 falchion
rCold    . . .     Faith    .   (no shield)
rNeg     . . .     Spirit   .   b - +0 animal skin
rPois    .         Reflect  .   (helmet restricted)
rElec    .         Harm     .   l - +0 cloak
rCorr    .         Rampage  .   s - +0 pair of gloves
Will     ++...                  (boots unavailable)
Stlth    ++........             c - amulet of magic regeneration
HPRegen  1.11/turn              (no ring)
MPRegen  0.35/turn              (no ring)

@: berserk cooldown, regenerating, slowed, very slow
A: beak, talons 3, able to fly
a: Fly, Renounce Religion, Berserk, Trog's Hand


You were on level 4 of the Dungeon.
You worshipped Trog.
Trog was pleased with you.
You visited 1 branch of the dungeon, and saw 4 of its levels.

You collected 163 gold pieces.

Inventory:

Hand Weapons
 a - a +0 falchion (weapon)
Missiles
 f - 38 bolts
 m - 59 arrows
Armour
 b - a +0 animal skin (worn)
 j - a cursed +0 scale mail
 l - a +0 cloak (worn)
 n - a +0 ring mail
 o - a +0 leather armour
 s - a +0 pair of gloves (worn)
Jewellery
 c - an amulet of magic regeneration (around neck)
Wands
 t - a wand of disintegration (8)
Scrolls
 d - 3 scrolls of remove curse
 g - a scroll of blinking
 i - a scroll of teleportation {unknown}
 k - a scroll of fog {unknown}
 u - a scroll of magic mapping {unknown}
 x - a scroll of immolation {unknown}
Potions
 e - a potion of resistance
 h - 3 potions of curing {unknown}
 p - a potion of might {unknown}
 q - a potion of brilliance {unknown}
 r - 2 potions of haste {unknown}
 v - 2 potions of magic {unknown}
 w - a potion of mutation {unknown}


   Skills:
 + Level 4.1 Fighting
 + Level 5.2 Long Blades
 + Level 2.4 Armour
 + Level 3.0 Dodging
 + Level 1.4 Stealth


You had 4 spell levels left.
You didn't know any spells.
Your spell library was empty.

Dungeon Overview and Level Annotations

Branches:
Dungeon (4/15)             Temple (0/1) D:4

Altars:
Dithmenos
Fedhas
Trog
Uskayaw


Innate Abilities, Weirdness & Mutations

You have a beak for a mouth.
You have claws for feet.
You can fly continuously.


Message History

Your Stealth skill increases to level 1!
You have reached level 5!
You have gained the ability to fly.
You start resting.
You feel a strong urge to attack something.
You start resting.
You feel your anger nearly subside.
You are no longer berserk.
You are exhausted.
You feel yourself slow down.
You start resting.
The centaur wields a +0 shortbow.
The centaur shoots an arrow.
The arrow hits you.
* * * LOW HITPOINT WARNING * * *
A centaur is nearby!
Unknown command.
Your skin crawls.
You feel strong-willed.
The centaur shoots an arrow.
The arrow completely misses you.
The centaur shoots an arrow.
The arrow hits you!
You die...

......##..........# #..
.......#...........##..##
#......##................
.......##...............
..............P.........
........## #..†......#
.........###....>P..###
.........<.......P....#
..........#(...(@.c#..#
.#.#.....##....##.## .
#.[..###....##.#
#.....##......#.#
##........#......
###......##.....
.....####....PP #.....#
#.#.PP_ #.....# #...PPP.


You could see a centaur.

Vanquished Creatures
  A phantom (D:4)
  A hound (D:4)
  2 adders
  An ooze (D:1)
  A worm (D:2)
  2 dart slugs (D:1)
  4 leopard geckos
  4 orcs (D:3)
  2 giant cockroaches (D:1)
  5 goblins
  6 hobgoblins
  A quokka (D:3)
  2 bats
  2 frilled lizards
  A jackal skeleton (D:4)
  3 kobolds (D:1)
  A rat (D:2)
39 creatures vanquished.

Notes
Turn   | Place    | Note
-------+----------+-------------------------------------------
     0 | D:1      | Almogavar the Tengu Berserker began the quest for the Orb.
     0 | D:1      | Reached XP level 1. HP: 14/14 MP: 2/2
    93 | D:1      | Reached XP level 2. HP: 13/19 MP: 3/3
   748 | D:1      | Reached skill level 4 in Long Blades
   748 | D:1      | Reached XP level 3. HP: 23/23 MP: 4/4
  1005 | D:2      | Found a bloodstained altar of Trog.
  1033 | D:2      | Found a faded altar of an unknown god.
  1368 | D:2      | Found a shadowy altar of Dithmenos.
  1785 | D:3      | Reached XP level 4. HP: 28/28 MP: 5/5
  1853 | D:3      | Reached ** piety under Trog
  1953 | D:3      | Found a hide-covered altar of Uskayaw.
  2576 | D:4      | Found a staircase to the Ecumenical Temple.
  2593 | D:4      | Noticed a phantom
  2603 | D:4      | Found a blossoming altar of Fedhas.
  2609 | D:4      | Noticed a centaur
  2624 | D:4      | Killed a phantom
  2625 | D:4      | Reached skill level 5 in Long Blades
  2625 | D:4      | Reached skill level 1 in Stealth
  2625 | D:4      | Gained mutation: You can fly continuously. [Tengu growth]
  2625 | D:4      | Reached XP level 5. HP: 11/33 MP: 6/6
  2638 | D:4      | Shot with an arrow by a centaur

Illustrated notes

Levels and vault maps discovered:
D:1:      mainiacjoe_arrival_reflecting_pool, layout_loops_ring,
          minmay_misc_feat_tower, minmay_misc_feat_pillars
D:2:      layout_basic, lemuel_round_altar, bloody_trog,
          chequers_ecumenical_altar_simple_redux
D:3:      layout_loops_ring, eat_drink_and_be_merry_uskayaw,
          wander_ebering_terrifying_dragon_lair
D:4:      layout_cave_pools, fedhas_bush_and_centaur_altar,
          kennysheep_little_box, minmay_temple_entry_overgrown, minivault_19

Skill      XL: |  1  2  3  4 |
---------------+-------------+-----
Long Blades    | 4 5 |  5.2
Fighting       | 4 |  4.1
Dodging        | 3 |  3.0
Stealth        | 1 |  1.4
Armour         | |  2.4

Action                   |  1- 3 |  4- 6 || total
-------------------------+-------+-------++-------
Melee: Falchion          |    55 |    39 ||    94
       Kick              |    11 |     7 ||    18
       Peck              |     7 |     9 ||    16
Invok: Berserk           |       |     1 ||     1
       Trog's Hand       |       |     1 ||     1
  Use: Scroll            |     3 |     1 ||     4
 Stab: Sleeping          |       |     2 ||     2
Armor: Animal skin       |    11 |     4 ||    15
Dodge: Dodged            |    27 |    22 ||    49
       Rpst.: Falchion   |    13 |     5 ||    18
